cohdb
Replays
Latest Replays
All Replays
Popular Replays
Top Player Replays
Match Explorer
How It Works
Community
CoH3 Stats
Reddit
Sign in to upload your games and track your stats! →
Sign in with Steam
Match 42196539
Unlisted
Match 42196539
Overview
Messages
Build Orders
End
Selects Italian Combined Arms Battlegroup
Selects Bersaglieri Squad
Bersaglieri Squad
Bersaglieri Squad
Construct Light Support Kompanie
Bersaglieri Squad
Panzerjäger Squad
Selects Bersaglieri Bolster
2.5-tonne Medical Truck
Fire Support Elements
Selects Breda Model 30 Light Machine Guns
Construct Panzerarmee Kommand
Biggestfoot
Jd577
jghall1
Spacemedic
0
0
Comments
sign in to comment!
No comments posted yet!